 Dungeon Crawl Stone Soup version 0.21-a0-140-g479285b (webtiles) character file.

26956 kuniqs the Thaumaturge (level 13, -17/65 HPs)
             Began as a Deep Elf Fire Elementalist on July 21, 2017.
             Was an Elder of Kikubaaqudgha.
             Demolished by a death yak (24 damage)
             ... on level 3 of the Lair of Beasts.
             The game lasted 00:29:03 (15123 turns).

kuniqs the Thaumaturge (DEFE)                      Turns: 15123, Time: 00:29:04

Health: -17/65     AC:  5    Str:  5    XL:     13   Next: 1%
Magic:  3/30       EV: 17    Int: 26    God:    Kikubaaqudgha [****..]
Gold:   816        SH:  7    Dex: 15    Spells: 2/35 levels left

rFire    + . .     SeeInvis +   X - +3 hand axe "Jaodou" {freeze, rN+ MR+ Stlth+}
rCold    + . .     Gourm    .   a - +2 buckler
rNeg     + . .     Faith    .   Y - +0 robe {rC+ rF+}
rPois    .         Spirit   .   m - +0 helmet
rElec    .         Reflect  .   (no cloak)
rCorr    .         Harm     .   G - +0 pair of gloves
MR       ++...                  q - +0 pair of boots
Stlth    ++++++....             w - amulet of magic regeneration
HPRegen  0.20/turn              F - ring of see invisible
MPRegen  0.47/turn              y - ring of wizardry

@: no status effects
A: no striking features
a: Receive Corpses, Renounce Religion


You were on level 3 of the Lair of Beasts.
You worshipped Kikubaaqudgha.
Kikubaaqudgha was greatly pleased with you.
You were very hungry.

You visited 3 branches of the dungeon, and saw 15 of its levels.

You collected 816 gold pieces.

Inventory:

Hand Weapons
 X - the +3 hand axe "Jaodou" (weapon) {freeze, rN+ MR+ Stlth+}
   (You found it on level 2 of the Lair of Beasts)

   It has been specially enchanted to freeze those struck by it, causing extra
   injury to most foes and up to half again as much damage against particularly
   susceptible opponents.
   It can also slow down cold-blooded creatures.
   It protects you from negative energy.
   It affects your resistance to hostile enchantments.
   It makes you more stealthy.
Missiles
 j - 297 stones (quivered)
Armour
 a - a +2 buckler (worn)
 m - a +0 helmet (worn)
 q - a +0 pair of boots (worn)
 G - a +0 pair of gloves (worn)
 Y - a +0 robe of resistance (worn)
Jewellery
 u - an uncursed ring of poison resistance
 w - an amulet of magic regeneration (around neck)
 y - a ring of wizardry (right hand)
 F - a ring of see invisible (left hand)
Wands
 v - a wand of disintegration (3/24)
 C - a wand of lightning (3/15)
 I - a wand of polymorph (12/24)
 Q - a wand of polymorph (10/24)
 W - a wand of iceblast (7/15)
Scrolls
 c - 7 scrolls of remove curse {@r2}
 h - 13 scrolls of teleportation
 i - 3 scrolls of fog
 k - a scroll of enchant armour {unknown}
 n - 6 scrolls of fear
 p - 2 scrolls of identify {@r1}
 r - a scroll of noise {unknown}
 s - a scroll of blinking
 A - a scroll of amnesia
 K - 2 scrolls of enchant weapon
 L - 3 scrolls of random uselessness {unknown}
 N - a scroll of recharging {unknown}
 V - a scroll of torment {unknown}
Potions
 g - 4 potions of heal wounds
 l - 5 potions of might
 t - 9 potions of curing {@q1}
 x - 3 potions of invisibility
 B - 2 potions of ambrosia
 E - a potion of haste
 H - 2 potions of lignification
 J - 2 potions of flight
 M - 4 potions of agility
 P - 3 potions of brilliance
 R - a potion of magic
 S - 2 potions of cancellation
 T - a potion of mutation {unknown}
Books
 b - a book of Flames

   Spells                             Type                      Level
   a - Flame Tongue                   Conjuration/Fire             1
   b - Throw Flame                    Conjuration/Fire             2
   c - Conjure Flame                  Conjuration/Fire             3
   d - Inner Flame                    Hexes/Fire                   3
   e - Sticky Flame                   Conjuration/Fire             4
   f - Fireball                       Conjuration/Fire             5
 z - Kikubaaqudgha's Papyrus of Darkness
   (Kikubaaqudgha gifted it to you on level 6 of the Dungeon)

   Spells                             Type                      Level
   a - Animate Skeleton               Necromancy                   1
   b - Corpse Rot                     Necromancy                   2
   c - Sublimation of Blood           Necromancy                   2
   d - Vampiric Draining              Necromancy                   3
   e - Control Undead                 Necromancy                   4
 U - Kikubaaqudgha's Volume of Darkness
   (Kikubaaqudgha gifted it to you on level 11 of the Dungeon)

   Spells                             Type                      Level
   a - Excruciating Wounds            Charms/Necromancy            5
   b - Bolt of Draining               Conjuration/Necromancy       5
   c - Cigotuvi's Embrace             Necromancy                   5
   d - Dispel Undead                  Necromancy                   5
   e - Simulacrum                     Ice/Necromancy               6
Comestibles
 d - 15 bread rations
 e - 10 meat rations
 f - 32 fruits
 o - 4 royal jellies
 O - 2 chunks of flesh


   Skills:
 + Level 1.2 Fighting
 + Level 7.8 Dodging
 + Level 11.4 Stealth
 - Level 4.0 Shields
 + Level 11.6 Spellcasting
 + Level 9.7 Conjurations
 + Level 4.0 Hexes
 + Level 10.1 Necromancy
 + Level 10.2 Fire Magic
 + Level 3.5 Ice Magic
 - Level 6.0 Evocations


You had 2 spell levels left.
You knew the following spells:

 Your Spells              Type           Power        Failure   Level  Hunger
a - Flame Tongue          Conj/Fire      #####        1%          1    None
b - Throw Flame           Conj/Fire      ######       1%          2    None
c - Bolt of Draining      Conj/Necr      ######....   1%          5    ###....
d - Sticky Flame          Conj/Fire      ######..     1%          4    None
e - Fireball              Conj/Fire      ######....   1%          5    ###....
f - Vampiric Draining     Necr           ######....   1%          3    None
g - Conjure Flame         Conj/Fire      ######..     1%          3    None
h - Simulacrum            Ice/Necr       ######....   14%         6    #####..
i - Cause Fear            Hex            #####.....   2%          4    None


Dungeon Overview and Level Annotations

Branches:
Dungeon (11/15)            Temple (1/1) D:5            Lair (3/6) D:11
    Orc (0/2) D:10
  Swamp: Lair:2-4    Shoals: Lair:2-4     Snake: Lair:2-4    Spider: Lair:2-4

Altars:
Cheibriados
Hepliaklqana
Kikubaaqudgha
Makhleb
Nemelex Xobeh
Okawaru
Sif Muna

Shops:
D:4 *   D:7 (   D:8 }


Message History

The death yak resists with almost no effort.
The death yak looks frightened!
You see here 10 arrows.
The death yak gores you.
The death yak resists with almost no effort.
You block the death yak's attack.
The death yak resists with almost no effort.
The death yak barely misses you.
The death yak seems less drained.
The death yak gores you!
The death yak resists with almost no effort.
The death yak gores you.
The death yak resists with almost no effort.
The death yak gores you!!
* * * LOW HITPOINT WARNING * * *
As you read the scroll of fear, it crumbles to dust.
You assume a fearsome visage.
The death yak easily resists.
The death yak gores you!!
You die...
Kikubaaqudgha rasps: "You have failed me!
Welcome... death!"

#........#### #... ##......###.#
#.. #..........# #..
##..........# #.. #...........#
#.. #####..........# #### #####..
##...#<..<......####P.###.#.#.. #
#...........................P..
..##............@Y...............
.................................
.....................P#....P≈≈≈.≈
.............##....#####.....≈≈≈≈
.###....####....#...# ##.....≈≈≈
........#..###...#######.....#..≈
..#.#....#...###..#..#...........
............÷..#...".....##.##..
...........##÷PP....###.#.....###


You could see a death yak.

Vanquished Creatures
  3 hydras
  Erica (D:11)
  3 two-headed ogres
  4 death yaks (Lair:3)
  An unseen horror (D:10)
  Pikel (D:7)
  An ugly thing (D:11)
  A centaur zombie (D:11)
  5 spiny frogs
  A gargoyle (D:8)
  10 komodo dragons
  A troll (D:10)
  Prince Ribbit (D:6)
  2 hornets
  5 hippogriffs
  Grinder (D:3)
  Sigmund (D:3)
  The ghost of kuniqs the Firebug, an amateur GrFE (D:5)
  28 yaks
  3 fire bats (Lair:1)
  A wyvern (D:11)
  Eustachio (D:4)
  Grum (D:8)
  3 basilisks
  Menkaure (D:6)
  A steam dragon (D:11)
  The ghost of kuniqs the Firebug, an amateur GrFE (D:3)
  4 water moccasins
  2 porcupines (Lair:3)
  3 orc warriors
  3 slaves (D:7)
  A sky beast (D:7)
  2 black bears
  2 phantoms (D:8)
  A necrophage (D:6)
  6 ogres
  4 wolves
  6 centaurs
  6 crocodiles
  17 bullfrogs
  A wyvern zombie (D:10)
  A scorpion (D:4)
  3 wights (D:4)
  3 howler monkeys (D:10)
  9 crimson imps
  A quasit (D:11)
  5 orc priests
  5 hounds
  A jelly (D:7)
  A bullfrog skeleton (D:9)
  11 iguanas
  Jessica (D:3)
  5 orc wizards
  Natasha (thrice) (D:3)
  7 worker ants
  A worker ant zombie (D:11)
  7 adders
  3 shadow imps
  2 white imps (D:11)
  An ooze (D:2)
  A worm (D:2)
  2 dart slugs
  4 leopard geckos
  23 orcs
  3 ball pythons
  6 giant cockroaches
  5 goblins
  2 hobgoblins
  4 jackals
  4 quokkas
  10 bats
  3 frilled lizards
  9 kobolds
  A leopard gecko skeleton (D:5)
  A quokka zombie (D:5)
  2 rats
291 creatures vanquished.

Vanquished Creatures (others)
  A big kobold (D:7)
  2 kobolds (D:7)
  A plant (Lair:3)
4 creatures vanquished.

Grand Total: 295 creatures vanquished

Notes
Turn   | Place    | Note
-------+----------+-------------------------------------------
     0 | D:1      | kuniqs the Deep Elf Fire Elementalist began the quest for the Orb.
     0 | D:1      | Reached XP level 1. HP: 10/10 MP: 6/6
   544 | D:1      | Reached XP level 2. HP: 15/15 MP: 5/8
   835 | D:1      | You fall through a shaft!
  1087 | D:1      | Learned a level 2 spell: Throw Flame
  1521 | D:3      | Noticed Jessica
  1521 | D:3      | Noticed Natasha
  1555 | D:3      | Found a snail-covered altar of Cheibriados.
  1565 | D:3      | Reached XP level 3. HP: 15/19 MP: 3/10
  1625 | D:3      | Noticed Sigmund
  1764 | D:2      | Learned a level 3 spell: Conjure Flame
  1893 | D:3      | Killed Sigmund
  1893 | D:3      | Reached XP level 4. HP: 18/24 MP: 0/12
  1893 | D:3      | Reached XP level 5. HP: 21/28 MP: 0/14
  2027 | D:3      | Noticed kuniqs's ghost (amateur GrFE)
  2077 | D:4      | Noticed an ogre
  2082 | D:4      | Killed an ogre
  2082 | D:4      | Reached skill level 5 in Spellcasting
  2082 | D:4      | Reached XP level 6. HP: 32/32 MP: 6/15
  2108 | D:4      | Learned a level 4 spell: Sticky Flame
  2182 | D:4      | You fall through a shaft!
  2182 | D:5      | Entered Level 5 of the Dungeon
  2196 | D:5      | Found a staircase to the Ecumenical Temple.
  2204 | Temple   | Entered the Ecumenical Temple
  2217 | Temple   | Became a worshipper of Kikubaaqudgha
  2373 | D:5      | Noticed kuniqs's ghost (amateur GrFE)
  2614 | D:5      | Killed kuniqs's ghost
  2614 | D:5      | Reached skill level 5 in Stealth
  2614 | D:5      | Reached skill level 1 in Necromancy
  2614 | D:5      | Reached skill level 5 in Fire Magic
  2614 | D:5      | Reached XP level 7. HP: 31/36 MP: 9/17
  2713 | D:5      | Learned a level 5 spell: Fireball
  3229 | D:4      | Reached skill level 1 in Shields
  3415 | D:4      | Found Kyfo's Assorted Antiques.
  3415 | D:4      | Noticed Eustachio
  3424 | D:4      | Killed Eustachio
  3699 | D:3      | Killed Jessica
  3735 | D:3      | Killed Natasha
  3735 | D:3      | Reached XP level 8. HP: 41/41 MP: 14/19
  3775 | D:3      | Noticed Natasha
  4098 | D:6      | Noticed a two-headed ogre
  4114 | D:6      | Killed a two-headed ogre
  4114 | D:6      | Reached skill level 5 in Conjurations
  4578 | D:6      | Noticed Menkaure
  4581 | D:6      | Killed Menkaure
  4581 | D:6      | Reached XP level 9. HP: 26/45 MP: 15/22
  4723 | D:6      | Noticed Prince Ribbit
  4734 | D:6      | Killed Prince Ribbit
  4734 | D:6      | Reached skill level 5 in Necromancy
  4737 | D:6      | Reached * piety under Kikubaaqudgha
  4737 | D:6      | Identified Kikubaaqudgha's Papyrus of Darkness (Kikubaaqudgha gifted it to you on level 6 of the Dungeon)
  4737 | D:6      | Received a gift from Kikubaaqudgha
  4743 | D:6      | Learned a level 3 spell: Vampiric Draining
  4941 | D:7      | Found an iron altar of Okawaru.
  4981 | D:7      | Found Zarugun's Weapon Shoppe.
  5045 | D:7      | Noticed Pikel
  5128 | D:7      | Killed Pikel
  5589 | D:7      | Found a burning altar of Makhleb.
  5957 | D:8      | Noticed a two-headed ogre
  5976 | D:8      | Killed a two-headed ogre
  5976 | D:8      | Reached skill level 1 in Evocations
  5976 | D:8      | Reached XP level 10. HP: 30/50 MP: 5/24
  6197 | D:8      | Noticed a gargoyle
  6575 | D:8      | Found Ycvoriqim's Quality Used Wands.
  6904 | D:8      | Noticed Grum
  6917 | D:8      | Killed Grum
  7698 | D:9      | Reached ** piety under Kikubaaqudgha
  8635 | D:3      | Noticed Grinder
  8640 | D:3      | Killed Grinder
  8690 | D:3      | Killed kuniqs's ghost
  8703 | D:3      | Killed Natasha
  8752 | D:3      | Noticed Natasha
  8755 | D:3      | Killed Natasha
  9229 | D:8      | Killed a gargoyle
  9381 | D:10     | Entered Level 10 of the Dungeon
  9593 | D:10     | Noticed an unseen horror
  9598 | D:10     | Killed an unseen horror
  9598 | D:10     | Reached XP level 11. HP: 50/54 MP: 10/26
  9683 | D:10     | Reached skill level 5 in Dodging
  9864 | D:10     | Noticed a two-headed ogre
  9886 | D:10     | Killed a two-headed ogre
 10022 | D:10     | Found a staircase to the Orcish Mines.
 10566 | D:10     | Reached skill level 10 in Spellcasting
 10860 | D:11     | Noticed a green ugly thing
 10871 | D:11     | Killed a green ugly thing
 11209 | D:11     | Noticed Erica
 11229 | D:11     | Killed Erica
 11229 | D:11     | Reached skill level 10 in Stealth
 11513 | D:11     | Reached *** piety under Kikubaaqudgha
 11513 | D:11     | Identified Kikubaaqudgha's Volume of Darkness (Kikubaaqudgha gifted it to you on level 11 of the Dungeon)
 11513 | D:11     | Received a gift from Kikubaaqudgha
 11523 | D:11     | Learned a level 5 spell: Bolt of Draining
 11997 | D:11     | Found a staircase to the Lair.
 12172 | Lair:1   | Entered Level 1 of the Lair of Beasts
 12232 | Lair:1   | Noticed an eight-headed hydra
 12236 | Lair:1   | Killed an eight-headed hydra
 12236 | Lair:1   | Reached skill level 5 in Evocations
 12421 | Lair:1   | Learned a level 6 spell: Simulacrum
 12665 | Lair:1   | Noticed a six-headed hydra
 12670 | Lair:1   | Killed a six-headed hydra
 12670 | Lair:1   | Reached XP level 12. HP: 59/59 MP: 13/28
 12916 | Lair:1   | Reached skill level 1 in Ice Magic
 13036 | Lair:1   | Learned a level 4 spell: Cause Fear
 13373 | Lair:1   | Reached **** piety under Kikubaaqudgha
 13373 | Lair:1   | Reached skill level 1 in Hexes
 13480 | Lair:2   | Noticed an eight-headed hydra
 13485 | Lair:2   | Killed an eight-headed hydra
 13947 | Lair:2   | Identified the +3 hand axe "Jaodou" {freeze, rN+ MR+ Stlth+} (You found it on level 2 of the Lair of Beasts)
 13961 | Lair:2   | Reached skill level 10 in Fire Magic
 14971 | Lair:3   | Reached skill level 10 in Necromancy
 15018 | Lair:3   | Noticed a death yak
 15024 | Lair:3   | Noticed a death yak
 15025 | Lair:3   | Noticed a death yak
 15026 | Lair:3   | Noticed a death yak
 15026 | Lair:3   | Noticed a death yak
 15035 | Lair:3   | Killed a death yak
 15036 | Lair:3   | Noticed a death yak
 15054 | Lair:3   | Killed a death yak
 15054 | Lair:3   | Reached skill level 1 in Fighting
 15076 | Lair:3   | Killed a death yak
 15077 | Lair:3   | Killed a death yak
 15077 | Lair:3   | Reached XP level 13. HP: 37/65 MP: 1/30
 15123 | Lair:3   | Demolished by a death yak

Vault maps used:
D:1:      ncdulo_halloftheorcs, minmay_tetromino_i2
D:3:      lemuel_doored_altar, kennysheep_generic_room_10, uniq_jessica,
          uniq_grinder, uniq_sigmund, uniq_natasha
D:4:      serial_shops, shop_fountains, first_bread, uniq_eustachio
D:5:      minmay_temple_entry_statues_fountains
D:6:      uniq_prince_ribbit1, uniq_menkaure
D:7:      basic_altar, serial_shops, nicolae_shop_stone, grunt_ogre_cave,
          okawaru_ov_weapons_minmay, uniq_pikel
D:8:      nicolae_for_you_no_charge, uniq_grum
D:9:      nicolae_whirlpool
D:10:     orc_0_dummy
D:11:     erik_lair_dragon, minmay_nine_imps, uniq_erica
Temple:   minmay_crystal_snake_temple
Lair:1:   beast_lair_carwin_7, lemuel_fruit_fields, lemuel_fruit_fields
Lair:2:   patterned_corridor, grunt_megastairs_4, infiniplex_staircase_pool_2
Lair:3:   beast_lair_carwin_large_4, serial_bayou_shore_a

Skill      XL: |  1  2  3  4  5  6  7  8  9 10 11 12 |
---------------+-------------------------------------+-----
Stealth        | 3 4 5 7 8 9 10 11 | 11.4
Conjurations   | 3 4 5 7 8 9 |  9.7
Spellcasting   | 4 5 6 7 8 9 10 11 | 11.6
Fire Magic     | 4 5 6 7 8 9 10 | 10.2
Necromancy     | 1 3 4 6 7 9 10 | 10.1
Shields        | 1 2 4 |  4.0
Evocations     | 1 3 5 6 |  6.0
Dodging        | 4 6 7 |  7.8
Ice Magic      | 3 |  3.5
Hexes          | 4 |  4.0
Fighting       | 1 |  1.2

Action                   |  1- 3 |  4- 6 |  7- 9 | 10-12 | 13-15 || total
-------------------------+-------+-------+-------+-------+-------++-------
Melee: Unarmed           |     6 |       |       |       |       ||     6
       Scimitar          |       |       |       |    26 |       ||    26
 Cast: Flame Tongue      |    60 |    25 |   181 |   126 |       ||   392
       Throw Flame       |     9 |    12 |    39 |   137 |       ||   197
       Sticky Flame      |       |       |    10 |    25 |       ||    35
       Conjure Flame     |       |       |     6 |    18 |       ||    24
       Fireball          |       |       |     2 |    26 |       ||    28
       Bolt of Draining  |       |       |       |   121 |     1 ||   122
       Cause Fear        |       |       |       |       |     5 ||     5
Invok: Receive Corpses   |       |       |       |     2 |       ||     2
Evoke: Wand              |       |       |     2 |    18 |       ||    20
  Use: Scroll            |       |       |     6 |    11 |     1 ||    18
       Potion            |       |       |     4 |     4 |       ||     8
  Eat: Chunk             |     3 |     1 |    12 |    45 |       ||    61
       Fruit             |       |     1 |       |     1 |       ||     2
Armor: Robe              |    11 |     1 |     3 |    21 |       ||    36
Dodge: Dodged            |    21 |    11 |    26 |    58 |     1 ||   117
Block: Buckler           |       |       |    13 |    40 |     1 ||    54
       Rpst.: Scimitar   |       |       |       |     8 |       ||     8
